 Dungeon Crawl Stone Soup version 0.32-a0-314-g526f7d4993 (webtiles) character file.

Game seed: 1273996917623764052

991 Essalna the Digger (level 7, -1/39 HPs)
             Began as a Deep Elf Earth Elementalist on Feb 16, 2024.
             Slain by a gnoll
             ... wielding a +0 club
              (7 damage)
             ... on level 5 of the Dungeon.
             The game lasted 00:05:11 (3402 turns).

Essalna the Digger (Deep Elf Earth Elementalist)    Turns: 3402, Time: 00:05:12

Health: -1/39      AC:  3    Str:  5    XL:     7   Next: 98%
Magic:  5/16       EV:  7    Int: 22    God:
Gold:   254        SH:  0    Dex: 15    Spells: 12/16 levels left

rFire   . . .        o - +1 dagger (venom)
rCold   . . .        (no shield)
rNeg    + . .        a - +0 robe
rPois   .            x - +0 helmet
rElec   .            (no cloak)
rCorr   .            (no gloves)
SInv    +            (no boots)
Will    .....        (no amulet)
Stlth   ++           h - ring of positive energy
HPRegen 0.26/turn    q - ring of see invisible
MPRegen 0.15/turn

%: no passive effects
@: weakened, held
A: no striking features
a: no special abilities


You were on level 5 of the Dungeon.
You visited 1 branch of the dungeon, and saw 5 of its levels.

You collected 254 gold pieces.

Inventory:

Hand Weapons
 o - a +1 dagger of venom (weapon)
Armour
 a - a +0 robe (worn)
 x - a +0 helmet (worn)
Jewellery
 h - a ring of positive energy (left hand)
 q - a ring of see invisible (right hand)
 r - an amulet of faith
Wands
 s - a wand of polymorph (8)
 t - a wand of paralysis (7)
 v - a wand of roots (14)
Scrolls
 c - 2 scrolls of identify {unknown}
 e - 2 scrolls of fog
 i - a scroll of enchant weapon {unknown}
 k - a scroll of teleportation {unknown}
 l - 2 scrolls of brand weapon {unknown}
 n - 2 scrolls of enchant armour {unknown}
 p - 2 scrolls of immolation {unknown}
 y - a scroll of noise {unknown}
Potions
 b - a potion of magic
 d - 3 potions of mutation {unknown}
 f - a potion of brilliance {unknown}
 g - 2 potions of heal wounds {unknown}
 j - 2 potions of enlightenment {unknown}
 m - a potion of lignification {unknown}
 u - a potion of curing {unknown}
 w - 2 potions of degeneration {unknown}


   Skills:
 + Level 1.8 Fighting
 + Level 1.8 Armour
 + Level 4.0 Dodging
 - Level 2.4 Stealth
 - Level 5.0 Spellcasting
 + Level 5.5 Conjurations
 + Level 6.6 Earth Magic


You had 12 spell levels left.
You knew the following spells:

 Your Spells              Type           Power      Damage    Failure   Level
a - Sandblast             Erth           68%        2d15      1%          1
b - Stone Arrow           Conj/Erth      64%        3d11      2%          3

Your spell library contained the following spells:

 Spells                   Type           Power      Damage    Failure   Level
 Passwall                 Erth           34%        N/A       1%          3
 Brom's Barrelling Bould  Conj/Erth      32%        2d5       9%          4
 Petrify                  Alch/Erth      20%        N/A       26%         4
 Summon Forest            Summ/Tloc      2%         N/A       95%         5
 Summon Mana Viper        Hex/Summ       5%         N/A       95%         5
 Summon Cactus Giant      Summ           2%         N/A       100%        6


Dungeon Overview and Level Annotations

Branches:
Dungeon (5/15)
 Temple: D:4-7

Altars:
Cheibriados
Zin
The Shining One

Shops:
D:2 :


Message History

The black bear bites you. The black bear claws you.
The black bear barely misses you.
The blast of sand hits the black bear!!
You kill the black bear!
A gnoll bouda comes into view. It is wielding a +0 club.
Your Dodging skill increases to level 4!
The blast of sand hits the gnoll bouda!
The gnoll bouda is heavily wounded.
The gnoll bouda barks out a call to the hunt!
You hear a shout!
The blast of sand hits the gnoll bouda.
The gnoll bouda is heavily wounded.
A gnoll bouda is nearby!
The blast of sand hits the gnoll bouda but does no damage.
The gnoll bouda is heavily wounded.
A gnoll comes into view. It is wielding a +0 halberd.
The gnoll bouda hits you with a +0 club!
A gnoll comes into view. It is wielding a +0 club.
You are too injured to fight recklessly!
You are too injured to fight recklessly!
You are too injured to fight recklessly!
Okay, then.
Casting: Sandblast (safe; 1% risk of failure)
Confirm with . or Enter, or press ? or * to list all spells.
Aiming: Sandblast (safe; 1% risk of failure)
Press: ? - help, Shift-Dir - straight line, f/p - gnoll bouda
Aim: a gnoll bouda, wielding a +0 club and wearing a +0 leather armour (heavily wounded, 86% to hit)
The blast of sand hits the gnoll bouda.
The gnoll bouda is severely wounded.
The gnoll closely misses you.
The gnoll bouda gazes fiercely through you!
You feel your attacks grow feeble.
The gnoll bouda hits you with a +0 club!
* * * LOW HITPOINT WARNING * * *
As you read the scroll labelled LIKHYU YREIQ, it dissolves into smoke.
It was a scroll of fog.
The gnoll hits you from afar with a +0 halberd.
* * * LOW HITPOINT WARNING * * *
The gnoll hits you with a +0 club!
You die...

#. #. .##
..# ###.# #
...# ##.
##§##
#.)§#g§.###
#gg@#...#
##§###..#
###.†..#
######..#
.#...#...#
.......#.#
#####.#..#
#...##
#..##


You could see a gnoll bouda and 2 gnolls.

Vanquished Creatures
  Sigmund (D:3)
  A water moccasin (D:4)
  2 black bears (D:5)
  An ogre (D:4)
  A bullfrog (D:3)
  2 scorpions (D:4)
  An orc priest (D:3)
  5 adders
  2 gnolls (D:5)
  3 ribbon worms
  3 dart slugs
  11 orcs
  4 bats
  7 endoplasms
  4 giant cockroaches
  7 goblins
  8 hobgoblins
  11 jackals
  3 kobolds
  5 quokkas
  6 ball pythons
  7 frilled lizards
  7 rats
102 creatures vanquished.

Notes
Turn   | Place    | Note
-------+----------+-------------------------------------------
     0 | D:1      | Essalna the Deep Elf Earth Elementalist began the quest for
                  | the Orb.
     0 | D:1      | Reached XP level 1. HP: 10/10 MP: 6/6
    80 | D:1      | Reached XP level 2. HP: 15/15 MP: 5/8
   353 | D:1      | Reached XP level 3. HP: 19/19 MP: 8/10
   804 | D:2      | Reached skill level 4 in Earth Magic
   898 | D:2      | Found a glowing golden altar of the Shining One.
  1014 | D:2      | Reached XP level 4. HP: 24/24 MP: 9/12
  1255 | D:2      | Found Ikywn's Book Emporium.
  1736 | D:3      | Found a glowing silver altar of Zin.
  1740 | D:3      | Noticed Sigmund
  1762 | D:3      | Killed Sigmund
  1763 | D:3      | Reached skill level 5 in Spellcasting
  1763 | D:3      | Reached skill level 5 in Earth Magic
  1763 | D:3      | Reached XP level 5. HP: 28/28 MP: 9/14
  1763 | D:3      | Reached XP level 6. HP: 32/32 MP: 9/15
  1770 | D:3      | Learned a level 3 spell: Stone Arrow
  2149 | D:3      | Found a faded altar of an unknown god.
  2383 | D:3      | Found a snail-covered altar of Cheibriados.
  2445 | D:3      | Reached skill level 6 in Earth Magic
  2641 | D:4      | Noticed a water moccasin
  2650 | D:4      | Killed a water moccasin
  2651 | D:4      | Reached XP level 7. HP: 18/37 MP: 10/16
  2793 | D:4      | Reached skill level 5 in Conjurations
  2848 | D:4      | Reached skill level 1 in Fighting
  2848 | D:4      | Reached skill level 1 in Armour
  3325 | D:5      | Entered Level 5 of the Dungeon
  3402 | D:5      | Slain by a gnoll

Illustrated notes

Levels and vault maps discovered:
D:1:      onia_arrival_handbag, layout_rooms, dreamdust_princess_bridge
D:2:      layout_loops_ring, basic_altar, serial_shops,
          nicolae_shop_hallway_plus, grunt_ministairs_12
D:3:      layout_loops_ring, chei_slow_surprise, nicolae_overflow_hidden_temple,
          zin_academy, basic_ecumenical_altar,
          hangedman_abyss_or_decor_lesser_grid, uniq_sigmund
D:4:      layout_loops_ring
D:5:      layout_cave_pods, serial_shops, shop, minmay_between

Skill      XL: |  1  2  3  4  5  6  7 |
---------------+----------------------+-----
Conjurations   | 2 3 4 5 |  5.5
Spellcasting   | 4 5 |  5.0
Earth Magic    | 4 5 6 |  6.6
Dodging        | 4 |  4.0
Fighting       | 1 |  1.8
Armour         | 1 |  1.8
Stealth        | |  2.4

Action                     |  1- 3 |  4- 6 |  7- 9 || total
---------------------------+-------+-------+-------++-------
   Cast: Sandblast         |    42 |    68 |    41 ||   151
    Use: Scroll            |       |       |     1 ||     1
 Armour: Robe              |     5 |    11 |    12 ||    28
  Dodge: Dodged            |     4 |    18 |    11 ||    33

Table legend: (Time is in decaauts)
 A = Elapsed time spent in this place.
 B = Non-inter-level travel time spent in this place.
 C = Inter-level travel time spent in this place.
 D = Time resting spent in this place.
 E = Time spent auto-exploring this place.
 F = Levels seen in this place.
 G = Mean time per level.
                   A        B        C        D        E       F      G
               +--------+--------+--------+--------+--------+-----+--------+
         Total |   3474 |   3340 |    134 |      2 |   2813 |   5 |  694.8 |
       Dungeon |   3474 |   3340 |    134 |      2 |   2813 |   5 |  694.8 |
               +--------+--------+--------+--------+--------+-----+--------+

Top non-repeatable levels by time:
     D:2: 1008 daAuts
     D:3: 880 daAuts
     D:4: 774 daAuts
     D:1: 726 daAuts
     D:5: 84 daAuts
